 Dungeon Crawl Stone Soup version 0.30.2 (webtiles) character file.

Game seed: 11906523439221129656

1628 porpoise the Eye of the Storm (level 8, -4/63 HPs)
             Began as a Demonspawn Gladiator on Mar 30, 2024.
             Was a Priest of Qazlal.
             Slain by Duvessa
             ... wielding a +0 short sword
              (11 damage)
             ... on level 6 of the Dungeon.
             The game lasted 00:12:05 (4921 turns).

porpoise the Eye of the Storm (DsGl)                Turns: 4921, Time: 00:12:06

Health: -4/63      AC: 12    Str: 16    XL:     8   Next: 65%
Magic:  13/13      EV: 10    Int: 11    God:    Qazlal [***...]
Gold:   228        SH: 11    Dex: 20    Spells: 7/7 levels left

rFire   . . .        a - +0 trident
rCold   + . .        E - +2 buckler {reflect}
rNeg    . . .        t - +2 scale mail {Will+}
rPois   .            p - +0 helmet
rElec   .            c - +1 cloak
rCorr   .            (gloves unavailable)
SInv    .            G - +0 pair of boots
Will    +....        (no amulet) Stlth
                     f - ring of protection from cold
HPRegen 0.30/turn    A - +6 ring of dexterity
MPRegen 0.13/turn

%: reflection
@: hasted, very quick
A: powered by death 1, spiny 1, demonic touch 3
a: Renounce Religion, Upheaval, Elemental Force


You were on level 6 of the Dungeon.
You worshipped Qazlal.
Qazlal was most pleased with you.
You visited 1 branch of the dungeon, and saw 6 of its levels.

You collected 228 gold pieces.

Inventory:

Hand Weapons
 a - a +0 trident (weapon)
 b - a +0 sling
 w - a +1 broad axe
Missiles
 d - 4 throwing nets (quivered)
 e - 6 javelins
 s - 4 boomerangs
 x - 10 poisoned darts
Armour
 c - a +1 cloak (worn)
 g - a scarf of invisibility
 p - a +0 helmet (worn)
 t - a +2 scale mail of willpower (worn)
 E - a +2 buckler of reflection (worn)
 G - a +0 pair of boots (worn)
Jewellery
 f - a ring of protection from cold (left hand)
 A - a +6 ring of dexterity (right hand)
Scrolls
 h - a scroll of enchant armour {unknown}
 j - a scroll of teleportation {unknown}
 m - a scroll of fog {unknown}
 n - a scroll of identify
 u - a scroll of poison {unknown}
 v - a scroll of enchant weapon
 B - a scroll of vulnerability {unknown}
 C - 2 scrolls of magic mapping
Potions
 i - 2 potions of lignification
 k - 2 potions of heal wounds
 l - a potion of invisibility
 o - a potion of flight {unknown}
 q - 2 potions of cancellation {unknown}
 r - 2 potions of haste
 y - 2 potions of curing
 z - 2 potions of might {unknown}
 D - a potion of mutation {unknown}
 F - a potion of brilliance {unknown}


   Skills:
 + Level 5.6 Fighting
 + Level 1.5(4.6) Axes
 - Level 6.9(7.0) Polearms
 - Level 1.7 Throwing
 - Level 2.6 Dodging
 + Level 1.8 Shields
 + Level 7.5 Invocations


You had 7 spell levels left.
You didn't know any spells.
Your spell library contained the following spells:

 Spells                   Type           Power      Damage    Failure   Level
 Leda's Liquefaction      Hex/Erth       0%         N/A       100%        4
 Lee's Rapid Deconstruct  Erth           0%         3d4*      100%        5
 Statue Form              Tmut/Erth      0%         N/A       100%        6


Dungeon Overview and Level Annotations

Branches:
Dungeon (6/15)             Temple (0/1) D:5

Altars:
Ashenzari
Nemelex Xobeh
Qazlal
Trog
Xom
Yredelemnul

Annotations:
D:5 1 runed translucent door, porpoise's ghost, novice MiHu
D:6 Dowan; Duvessa


Innate Abilities, Weirdness & Mutations

You regenerate a little health from kills.
You are partially covered in sharp spines.
Your touch may irresistibly damage your foes and sap their willpower.


Message History

You closely miss Duvessa.
Duvessa is moderately wounded.
Duvessa closely misses you.
You barely miss Duvessa.
Duvessa is moderately wounded.
You block Duvessa's attack.
You hit Duvessa but do no damage.
Duvessa is moderately wounded.
Duvessa is struck by your spines. Duvessa hits you but does no damage.
Dowan gestures at you while chanting.
The puff of flame hits you but does no damage.
You barely miss Duvessa.
Duvessa is moderately wounded.
Duvessa is struck by your spines. Duvessa barely misses you.
You hit Duvessa.
Duvessa is heavily wounded.
Dowan hits you with a +0 dagger. Duvessa hits you with a +0 short sword!
You hit Duvessa.
Duvessa is heavily wounded.
Duvessa closely misses you. Dowan is struck by your spines.
Dowan hits you with a +0 dagger.
You completely miss Duvessa.
Duvessa is heavily wounded.
You block Duvessa's attack. Dowan closely misses you.
You barely miss Duvessa.
Duvessa is heavily wounded.
Duvessa is struck by your spines. Duvessa hits you but does no damage.
You barely miss Duvessa.
Duvessa is heavily wounded.
Duvessa hits you with a +0 short sword!
* * * LOW HITPOINT WARNING * * *
Dowan is struck by your spines. Dowan barely misses you.
You hit Duvessa but do no damage.
Duvessa is heavily wounded.
Duvessa hits you with a +0 short sword!
* * * LOW HITPOINT WARNING * * *
You hit Duvessa.
Duvessa is severely wounded.
You block Dowan's attack. Duvessa hits you with a +0 short sword!
You die...

*~~** *****#~~~≈~≈~.~~~~♣♣ *
*~,****** ##♣~≈≈≈~≈.~P~~♣
***~,,~*~~*** #~♣~~~≈~~.~~~♣♣
,~~~~,,~,~,,* ♣~P~~~~≈≈.~P~P#
~~*~,~**~~,,###~~~~~~~~.~~♣##
***~~******,,...P~~~~~♣.♣P#
****~,* ***##..♣~~♣~...##
,,*~~** #.e.####...#
,,**~**** #°@......###
,,*~,~*,* #e○.######
****,,,,* #...# ****** #####


You could see Duvessa (berserk, fast) and Dowan.

Vanquished Creatures
  Pikel (D:6)
  Sigmund (D:3)
  A black bear (D:5)
  An ice beast (D:5)
  3 ogres (D:5)
  A scorpion (D:5)
  A howler monkey (D:5)
  2 jellies (D:4)
  2 orc priests
  2 hounds
  Crazy Yiuf (D:3)
  An iguana (D:5)
  3 orc wizards
  Robin (D:2)
  4 adders
  4 ufetubi
  2 worms
  3 dart slugs
  12 orcs
  4 bats
  5 endoplasms
  6 giant cockroaches
  16 goblins
  3 hobgoblins
  5 jackals (D:2)
  A quokka (D:2)
  7 ball pythons
  2 frilled lizards (D:3)
  5 kobolds
  4 rats
104 creatures vanquished.

Notes
Turn   | Place    | Note
-------+----------+-------------------------------------------
     0 | D:1      | porpoise the Demonspawn Gladiator began the quest for the
                  | Orb.
     0 | D:1      | Reached XP level 1. HP: 16/16 MP: 1/1
   179 | D:1      | Gained mutation: You are partially covered in sharp spines.
                  | [demonic ancestry]
   179 | D:1      | Reached XP level 2. HP: 22/22 MP: 2/2
   367 | D:1      | Found a faded altar of an unknown god.
   804 | D:1      | Prayed at the altar of an unknown god.
   804 | D:1      | Became a worshipper of Qazlal Stormbringer
   804 | D:1      | Reached * piety under Qazlal
  1162 | D:2      | Gained mutation: Your touch may inflict minor irresistible
                  | damage on your foes. [demonic ancestry]
  1162 | D:2      | Reached XP level 3. HP: 28/28 MP: 3/3
  1320 | D:2      | Reached skill level 1 in Invocations
  1320 | D:2      | Gained mutation: Your touch may inflict irresistible damage
                  | on your foes. [demonic ancestry]
  1320 | D:2      | Reached XP level 4. HP: 21/34 MP: 3/5
  1379 | D:2      | Noticed Robin
  1393 | D:2      | Killed Robin
  1787 | D:3      | Noticed Sigmund
  1799 | D:3      | Killed Sigmund
  1800 | D:3      | Reached skill level 3 in Invocations
  1800 | D:3      | Reached XP level 5. HP: 30/41 MP: 5/7
  1815 | D:3      | Gained mutation: You regenerate a little health from kills.
                  | [demonic ancestry]
  1815 | D:3      | Reached XP level 6. HP: 29/48 MP: 6/8
  1816 | D:3      | Reached skill level 5 in Polearms
  1816 | D:3      | Reached ** piety under Qazlal
  2243 | D:3      | Found a runed translucent door.
  2244 | D:3      | Noticed Crazy Yiuf
  2375 | D:3      | Found a stormy altar of Qazlal.
  2377 | D:3      | Noticed a fire elemental
  2378 | D:3      | Noticed a water elemental
  2379 | D:3      | Noticed an air elemental
  2619 | D:3      | Killed Crazy Yiuf
  2757 | D:4      | Found a sparkling altar of Nemelex Xobeh.
  2847 | D:4      | Reached skill level 4 in Invocations
  2965 | D:4      | Reached *** piety under Qazlal
  3052 | D:4      | Gained mutation: Your touch may irresistibly damage your
                  | foes and sap their willpower. [demonic ancestry]
  3052 | D:4      | Reached XP level 7. HP: 52/54 MP: 10/10
  3295 | D:5      | Entered Level 5 of the Dungeon
  3300 | D:5      | Found a runed translucent door.
  3300 | D:5      | Noticed porpoise's ghost (novice MiHu)
  3379 | D:5      | Found a bloodstained altar of Trog.
  3380 | D:5      | Found a shimmering altar of Xom.
  3414 | D:5      | Reached skill level 5 in Invocations
  3672 | D:5      | Found a staircase to the Ecumenical Temple.
  3770 | D:5      | Reached skill level 5 in Fighting
  3770 | D:5      | Reached XP level 8. HP: 51/62 MP: 10/12
  4526 | D:5      | Found a basalt altar of Yredelemnul.
  4527 | D:5      | Found a broken altar of Ashenzari.
  4823 | D:6      | Noticed Pikel
  4835 | D:6      | Killed Pikel
  4836 | D:6      | Reached skill level 1 in Axes
  4836 | D:6      | Reached skill level 1 in Shields
  4836 | D:6      | Reached skill level 7 in Invocations
  4898 | D:6      | Noticed Duvessa
  4907 | D:6      | Noticed Dowan
  4921 | D:6      | Slain by Duvessa

Illustrated notes

Levels and vault maps discovered:
D:1:      lemuel_arrival_muddy, layout_basic,
          hellmonk_ecumenical_altar_crossroads, minmay_misc_feat_five,
          minmay_misc_feat_columns
D:2:      layout_basic, uniq_robin
D:3:      layout_loops_cross, zin_academy, nicolae_qazlal_style_of_elements,
          uniq_crazy_yiuf_cottage, uniq_sigmund
D:4:      layout_gridville, mainiacjoe_overflow_surrounded_room
D:5:      layout_layer_cave, minitemple, temple_green,
          hellmonk_ghost_happy_afterlife, moated_statue, serial_bayou_pond_c
D:6:      layout_rooms, serial_bayou, serial_bayou_ford_a, serial_bayou_pond_d,
          serial_bayou_pond_a, serial_bayou_crossing, serial_bayou_lagoon_b,
          serial_bayou_lagoon_a, uniq_menkaure, uniq_duvessa, uniq_pikel

Skill      XL: |  1  2  3  4  5  6  7  8 |
---------------+-------------------------+-----
Polearms       | 3 4 5 6 |  6.9
Invocations    | 1 3 4 5 7 |  7.5
Fighting       | 3 4 5 |  5.6
Axes           | 1 |  1.5
Shields        | 1 |  1.8
Throwing       | |  1.7
Dodging        | |  2.6

Action                     |  1- 3 |  4- 6 |  7- 9 || total
---------------------------+-------+-------+-------++-------
  Melee: Trident           |    75 |   123 |    95 ||   293
         Punch             |     1 |     2 |       ||     3
         Touch             |     3 |    16 |     9 ||    28
   Fire: Sling             |       |       |     5 ||     5
    Use: Scroll            |       |       |     6 ||     6
         Potion            |       |       |     1 ||     1
 Armour: Leather armour    |    19 |       |       ||    19
         Ring mail         |       |    19 |       ||    19
         Scale mail        |       |       |    17 ||    17
  Dodge: Dodged            |    32 |    40 |    20 ||    92
  Block: Other             |     1 |     3 |     3 ||     7
         Buckler           |       |       |    20 ||    20
